[Event "*** Titled Tuesday Blitz"]
[Site "Chess.com"]
[Date "2021.03.09"]
[Round "4"]
[White "FMLorneTwitch"]
[Black "SlavenPastar"]
[Result "0-1"]
[WhiteElo "2340"]
[BlackElo "2555"]
[TimeControl "180+1"]
[EndTime "10:42:06 PST"]
[Termination "SlavenPastar won by checkmate"]

1. d4 b6 2. c4 Bb7 3. Nc3 g6 4. e4 Bg7 5. Be3 e6 6. d5 Ne7 7.
Nf3 O-O 8. Bd3 a5 9. Qd2 Re8 10. Bh6 Bh8 11. h4 Na6 12. O-O-O Nc5 13. Bc2 a4 14. h5 a3 15. b3 b5 16. Nxb5 Bb2+ 17. Kb1 exd5 18. exd5 Ba6 19. d6 cxd6 20. Nxd6 Rb8 21.
Rhe1 Na4 22. Re3 Nd5 23. Bxg6 Nac3+ 24. Rxc3 Nxc3+ 25. Kc2 fxg6 26. Nxe8 Qxe8 27. Re1 Qf7 28. Nd4 Nxa2 29. f3 Nb4+ 30. Kb1 Qf6 31. Be3 Bxd4 32. Bxd4 a2+ 33. Kb2 Qf5 34. Ra1 Nd3+ 35. Kxa2 Bc8 36. b4 Nxb4+ 37. Ka3 Nc6 38. Bc3 Ra8+ 39. Kb3 Rb8+ 40.
Ka3 d5 41. cxd5 Ra8+ 42. Kb2 Rb8+ 43. Kc1 Ne7 44. Rb1 Rxb1# 0-1

[Event "*** Titled Tuesday Blitz"]
[Site "Chess.com"]
[Date "2021.03.09"]
[Round "4"]
[White "elcandado"]
[Black "Bodnar_Mykola"]
[Result "1-0"]
[WhiteElo "2668"]
[BlackElo "2497"]
[TimeControl "180+1"]
[EndTime "10:42:07 PST"]
[Termination "elcandado won by resignation"]

1. d4 Nf6 2. Bf4 g6 3. Nc3 d5 4. Nb5 Na6 5. e3 Bg7 6. h3 O-O 7. Nf3 c6 8. Na3 Ne4 9. Be2 Qa5+ 10. c3 b5 11. Nb1 b4 12. O-O bxc3 13. Nxc3 Nxc3 14. bxc3 Be6 15. Ne5 Rfc8 16. c4 f6 17. Nd3 dxc4 18. Nb2 c3 19. Nc4 Qb4 20. Rb1 Qxc4 21.
Bxc4 Bxc4 22. Re1 e5 23. dxe5 fxe5 24. Bg5 e4 25. Rb7 Bd3 26. Qb3+ Kh8 27. Qf7 Rc7 28.
Rxc7 Nxc7 29. Qxc7 c2 30. Qf7 Rf8 31. Qe7 Kg8 32.
Qe6+ Kh8 33. Qb3 h6 34. Be7 Re8 35. Bc5 Kh7 36. Bd4 Bxd4 37. exd4 Re7 38. Rc1 Rd7 39.
Rxc2 Bxc2 40. Qxc2 Rxd4 41. Qxc6 Rd1+ 42. Kh2 Rf1 43.
Qc7+ Kg8 44. Qxa7 e3 45. Qxe3 Ra1 46. a3 1-0

[Event "*** Titled Tuesday Blitz"]
[Site "Chess.com"]
[Date "2021.03.09"]
[Round "4"]
[White "NoGalloNoParty"]
[Black "Bastiandash"]
[Result "1-0"]
[WhiteElo "2315"]
[BlackElo "2460"]
[TimeControl "180+1"]
[EndTime "10:42:07 PST"]
[Termination "NoGalloNoParty won on time"]

1. d4 Nf6 2. Nf3 e6 3. c4 Bb4+ 4. Nbd2 d5 5. a3 Be7 6. e4 Nxe4 7. Bd3 f5 8. O-O O-O 9. Ne5 Nd7 10. Ndf3 Bf6 11.
h3 Nxe5 12. Nxe5 Bxe5 13. dxe5 b6 14. b4 Bb7 15. f3 Ng5 16. Qe2 Qe7 17. Bf4 Nf7 18.
Rac1 Rfd8 19. Rfd1 Rd7 20. c5 c6 21. Be3 b5 22. f4 a5 23. a4 bxa4 24. b5 d4 25. Bf2 Rd5 26. Bc4 Rxc5 27. Bxd4 Rxc4 28. Qxc4 cxb5 29. Qxb5 Bd5 30. Qxa4 g5 31. Be3 h6 32. Qb5 a4 33. Rxd5 exd5 34. Qxd5 Rd8 35. Qc6 a3 36. Bc5 Qd7 37. Qg6+ Kh8 38. Bxa3 Qd4+ 39.
Kh1 Qxf4 40. Qxf7 Rg8 41. Qf6+ Kh7 42. e6 Qe3 43. Bb2 1-0

[Event "*** Titled Tuesday Blitz"]
[Site "Chess.com"]
[Date "2021.03.09"]
[Round "4"]
[White "samidescalona2002"]
[Black "McCarthyStone"]
[Result "1-0"]
[WhiteElo "2265"]
[BlackElo "2419"]
[TimeControl "180+1"]
[EndTime "10:42:07 PST"]
[Termination "samidescalona2002 won by checkmate"]

1. d4 Nf6 2. Bf4 b6 3. e3 Bb7 4.
Nf3 g6 5. h3 Bg7 6. Be2 O-O 7.
O-O d6 8. c4 Nbd7 9. Nc3 Ne4 10. Nxe4 Bxe4 11. Nd2 Bb7 12. Bf3 Qc8 13. Bh2 a6 14.
Rc1 Rb8 15. b4 Bxf3 16. Nxf3 c5 17. a3 Qb7 18. Qd3 Rfc8 19. Rb1 cxb4 20. axb4 Rc7 21. c5 Rbc8 22. cxd6 exd6 23. Bxd6 Rc2 24. Bh2 R8c3 25. Qd1 Qc8 26. Bf4 Nf6 27. d5 Qc4 28. Be5 Rd3 29. Qe1 Nxd5 30. Bxg7 Kxg7 31. Ne5 Qe4 32.
Nxd3 Qxd3 33. Rd1 Qc4 34. Rd4 Qc6 35. Qa1 Nc3 36. Re1 Ne2+ 37. Kh1 Nxd4 38. Qxd4+ Qf6 39. Qxf6+ Kxf6 40. f4 Rb2 41. Ra1 Rxb4 42. Rxa6 Kf5 43. Ra7 Rb1+ 44. Kh2 f6 45. Re7 b5 46. g4# 1-0

[Event "*** Titled Tuesday Blitz"]
[Site "Chess.com"]
[Date "2021.03.09"]
[Round "4"]
[White "GigaQuparadze"]
[Black "BahadirOzen"]
[Result "1-0"]
[WhiteElo "2959"]
[BlackElo "2765"]
[TimeControl "180+1"]
[EndTime "10:42:08 PST"]
[Termination "GigaQuparadze won by resignation"]

1. e4 g6 2. d4 d6 3. Nc3 Bg7 4. Bg5 a6 5. Qd2 Nd7 6. O-O-O b5 7. Kb1 Bb7 8. f3 h6 9. Be3 Ngf6 10. h4 e6 11. g4 Nb6 12. Nh3 b4 13.
Ne2 Nc4 14. Qc1 Nxe3 15. Qxe3 Nd7 16. h5 g5 17. f4 gxf4 18. Nexf4 Qe7 19. Bg2 a5 20. Rhe1 a4 21. Qd2 b3 22. Nd5 bxa2+ 23.
Kxa2 Qd8 24. Nc3 Ra5 25. e5 Bxg2 26. Qxg2 Qa8 27. Qxa8+ Rxa8 28. Nb5 Ke7 29. Nxc7 Ra5 30. c4 dxe5 31. d5 Rb8 32. g5 e4 33. Re2 Nc5 34. dxe6 fxe6 35. Nb5 Raxb5 36. cxb5 Rxb5 37. gxh6 Bxh6 38. Nf2 Rb4 39. Ng4 Bg7 40. h6 Bh8 41. Nf2 a3 42. bxa3 Rb8 43. Rb1 Ra8 44. Nxe4 Na4 45.
Rb7+ Kf8 46. Rf2+ Ke8 47. Nd6+ 1-0

[Event "*** Titled Tuesday Blitz"]
[Site "Chess.com"]
[Date "2021.03.09"]
[Round "4"]
[White "PaulfromSPb"]
[Black "zeitnot2006"]
[Result "1-0"]
[WhiteElo "2705"]
[BlackElo "2509"]
[TimeControl "180+1"]
[EndTime "10:42:08 PST"]
[Termination "PaulfromSPb won by resignation"]

1. e4 c6 2. d4 d5 3. Nd2 g6 4.
e5 Bg7 5. f4 h5 6. c3 Nh6 7.
Ngf3 Bg4 8. Bd3 e6 9. h3 Bxf3 10. Nxf3 Nf5 11. O-O Nd7 12. Bd2 c5 13. Qe1 c4 14.
Bc2 b5 15. Qf2 a5 16. b3 Qb6 17. bxc4 dxc4 18. Be4 Rb8 19. Rab1 Qc7 20. Ng5 h4 21. Qf3 Bf8 22. Bxf5 gxf5 23. d5 Bc5+ 24. Kh1 Nf8 25. d6 Qd7 26. Be3 Bxe3 27. Qxe3 Nh7 28. a3 Nxg5 29. fxg5 Rg8 30. Rb2 Qc6 31. Rfb1 Kd7 32. Kh2 Rb7 33. a4 b4 34. cxb4 c3 35. Rb3 c2 36. b5 Qc4 37. Rc1 Rc8 38. g6 fxg6 39. Qh6 Rd8 40. Rb2 Qe4 41. Rbxc2 Qxe5+ 42. Kh1 Qxd6 43. Rd2 Qxd2 44. Qxd2+ Ke7 45. Qg5+ Kf7 46. Qxd8 1-0

[Event "*** Titled Tuesday Blitz"]
[Site "Chess.com"]
[Date "2021.03.09"]
[Round "4"]
[White "Iskusnyh"]
[Black "imdvb6307"]
[Result "0-1"]
[WhiteElo "2588"]
[BlackElo "2382"]
[TimeControl "180+1"]
[EndTime "10:42:08 PST"]
[Termination "imdvb6307 won on time"]

1. d4 d5 2. c4 c6 3. Nf3 Nf6 4. e3 Bg4 5. h3 Bxf3 6. Qxf3 e6 7. Nc3 Nbd7 8. Bd2 Bb4 9. Bd3 O-O 10. cxd5 cxd5 11. O-O Rc8 12. Rac1 Qe7 13. a3 Bxc3 14.
Bxc3 Rfd8 15. Bb4 Qe8 16. g4 Nb6 17. g5 Nfd7 18. b3 e5 19. Qg4 e4 20. Bb5 Qe6 21. Ba5 Qxg4+ 22. hxg4 Nf8 23. Bb4 Ne6 24. Be7 Rxc1 25.
Rxc1 Rc8 26. Rxc8+ Nxc8 27. Bb4 Nxg5 28. Kg2 Ne6 29. Kg3 g5 30. a4 Nc7 31. Bd7 Nb6 32.
Bf5 Ne6 33. Be7 h6 34. f3 exf3 35. Kxf3 Ng7 36. e4 Nxf5 37. exf5 Kg7 38. Ke3 f6 39. Bd8 Kf7 40. Kd3 Nd7 41. Kc3 Kg7 42. a5 a6 43.
Be7 h5 44. gxh5 Kh6 45. b4 Kxh5 46. b5 Kg4 47. Kb4 Kxf5 0-1

[Event "*** Titled Tuesday Blitz"]
[Site "Chess.com"]
[Date "2021.03.09"]
[Round "4"]
[White "eguindy"]
[Black "Make_it_shine060"]
[Result "1-0"]
[WhiteElo "2456"]
[BlackElo "2247"]
[TimeControl "180+1"]
[EndTime "10:42:08 PST"]
[Termination "eguindy won on time"]

1. e4 c5 2. Nf3 d6 3. Bc4 Nf6 4. d3 g6 5. O-O Bg7 6. Nc3 O-O 7. h3 Nc6 8. Re1 a6 9. a3 b5 10. Ba2 Bb7 11. Bg5 b4 12. axb4 cxb4 13.
Nd5 Nd7 14. Rb1 h6 15. Bh4 a5 16. Bc4 a4 17. d4 a3 18. bxa3 Rxa3 19. Nxb4 Nxb4 20.
Rxb4 Nb6 21. Bd3 g5 22. Bg3 Bc6 23. Qc1 Ra2 24. Qb1 Qa8 25. Rxb6 Rc8 26. d5 Bd7 27. e5 dxe5 28. Bxe5 f6 29. Rb7 Bxh3 30. gxh3 fxe5 31. Bf5 Rf8 32. Be4 Ra3 33. d6 Qa4 34. dxe7 Re8 35. Rb8 Kf7 36. Rxe8 Kxe8 37. Qb6 Kxe7 38. Bd5 Ra1 39.
Qe6+ Kd8 40. Qd6+ Kc8 41. Be6+ Kb7 42. Rxa1 Qxa1+ 43. Kg2 e4 44. Bd5+ Kc8 45. Bxe4 1-0

[Event "*** Titled Tuesday Blitz"]
[Site "Chess.com"]
[Date "2021.03.09"]
[Round "4"]
[White "mariofs"]
[Black "hypert"]
[Result "0-1"]
[WhiteElo "2192"]
[BlackElo "2494"]
[TimeControl "180+1"]
[EndTime "10:42:08 PST"]
[Termination "hypert won by resignation"]

1. d4 Nf6 2. Nf3 d6 3. Bf4 g6 4. e3 Bg7 5. Be2 O-O 6. O-O c5 7. c3 Be6 8. Nbd2 Qb6 9. Qb1 Nc6 10. h3 cxd4 11. exd4 Bf5 12. Qc1 Rac8 13. Nc4 Qa6 14. Qd2 Ne4 15. Qe3 b5 16. Ncd2 Nxd2 17. Nxd2 Qb7 18.
Bf3 Rfe8 19. Rfe1 e5 20. dxe5 dxe5 21. Bh6 Qc7 22. Bxg7 Kxg7 23. Ne4 Bxe4 24. Qxe4 Na5 25. Rac1 Nc4 26. Qe2 e4 27. Bxe4 f5 28. b3 Nd6 29. f3 fxe4 30. fxe4 Rxe4 31. Qd3 Qc5+ 32. Kh1 Rxe1+ 33. Rxe1 Rf8 34. Re7+ Rf7 35. b4 Qb6 36. Re6 Rd7 37. Qd5 Qd8 38. Qe5+ Kg8 39. Kh2 h6 40. Rxg6+ Kh7 41. Re6 Nf7 42. Qe4+ Kg7 43. Qg4+ Kf8 44. Qf5 Qc7+ 45. Kg1 Rd1+ 46. Kf2 Rd2+ 47. Ke3 Rd6 48. Rxd6 Qxd6 49. Qxb5 Qg3+ 50. Kd4 Qf4+ 51. Kc5 Qe5+ 52. Kc6 Nd8+ 0-1

[Event "*** Titled Tuesday Blitz"]
[Site "Chess.com"]
[Date "2021.03.09"]
[Round "4"]
[White "jefferyx"]
[Black "TigrVShlyape"]
[Result "1/2-1/2"]
[WhiteElo "3014"]
[BlackElo "2836"]
[TimeControl "180+1"]
[EndTime "10:42:09 PST"]
[Termination "Game drawn - insufficient material"]

1. d4 d5 2. c4 c6 3. Nf3 Nf6 4. cxd5 cxd5 5. Nc3 a6 6. Bf4 Nc6 7. Rc1 e6 8. e3 Bd6 9. Bxd6 Qxd6 10. Bd3 O-O 11.
O-O Bd7 12. Na4 Nb4 13. Bb1 Bxa4 14. Qxa4 Nc6 15. Rc3 Rfc8 16. Rfc1 Ne7 17. Ne5 Rxc3 18. Rxc3 Rc8 19. Qc2 Rxc3 20. Qxc3 g6 21. Bd3 Nd7 22. Nxd7 Qxd7 23. a3 Nc8 24. Qc5 b6 25. Qc3 a5 26.
h4 Nd6 27. Kf1 Qc8 28. Qxc8+ Nxc8 29. Ke2 Nd6 30. Kd2 h6 31. Kc3 Kf8 32. b4 axb4+ 33. Kxb4 Ke7 34. g4 g5 35. hxg5 hxg5 36. f4 f6 37. a4 Kd7 38. Bg6 Nc4 39. fxg5 fxg5 40. e4 Ne3 41. Kb5 Kc7 42. e5 Nxg4 43. Bf7 Ne3 44. Bxe6 g4 45. Ka6 g3 46. Bh3 g2 47.
Bxg2 Nxg2 48. e6 Ne3 49. e7 Kd7 50. Kxb6 Kxe7 51. a5 Nc4+ 52. Kc6 Nxa5+ 53. Kxd5 Nb3 54.
Kc4 Nxd4 1/2-1/2

[Event "*** Titled Tuesday Blitz"]
[Site "Chess.com"]
[Date "2021.03.09"]
[Round "4"]
[White "Marcin"]
[Black "eljanov"]
[Result "0-1"]
[WhiteElo "2524"]
[BlackElo "2858"]
[TimeControl "180+1"]
[EndTime "10:42:09 PST"]
[Termination "eljanov won on time"]

1. d4 Nf6 2. c4 e6 3. Nf3 b6 4.
g3 Bb7 5. Bg2 Be7 6. O-O O-O 7.
Nc3 Ne4 8. Bd2 f5 9. Ne5 Bf6 10. Qc2 Nxc3 11. Bxc3 Bxg2 12. Kxg2 d6 13. Nf3 Qd7 14.
e4 fxe4 15. Qxe4 d5 16. cxd5 exd5 17. Qd3 Nc6 18. Rad1 Rae8 19. Rfe1 Nd8 20. Ne5 Bxe5 21. dxe5 c6 22. b4 Ne6 23. b5 Rd8 24. bxc6 Qxc6 25.
Bd4 Qc4 26. Qxc4 dxc4 27. Bc3 Nc5 28. Bb4 Nd3 29. Bxf8 Nxe1+ 30. Rxe1 Kxf8 31. Kf3 Rd2 32. a4 Ra2 33. Ke4 Rxa4 34. Kd5 Ke7 35. f4 c3 36. Rc1 Ra3 37. f5 b5 38. Kc5 a6 39.
g4 Ra4 40. Rxc3 Rxg4 41. Kd5 Kd8 42. e6 b4 43. Rc6 a5 0-1

[Event "*** Titled Tuesday Blitz"]
[Site "Chess.com"]
[Date "2021.03.09"]
[Round "4"]
[White "SamuelGhimpu2003"]
[Black "mapleaff"]
[Result "0-1"]
[WhiteElo "2589"]
[BlackElo "2415"]
[TimeControl "180+1"]
[EndTime "10:42:09 PST"]
[Termination "mapleaff won on time"]

1. d4 Nf6 2. c4 e6 3. Nc3 d5 4. Nf3 Be7 5. g3 O-O 6. Bg2 dxc4 7. Ne5 c5 8. dxc5 Qxd1+ 9. Nxd1 Bxc5 10. Be3 Na6 11. O-O Nd5 12. Bxc5 Nxc5 13. Nxc4 Bd7 14. Rc1 Rac8 15. Bxd5 exd5 16. Nd6 Rc6 17. Nb5 Ne4 18. Ndc3 Nxc3 19. Rxc3 Rb6 20. Nd4 Rxb2 21. a3 g6 22.
Rc7 Be6 23. Rfc1 a5 24. f3 Rd2 25. e3 Rd3 26. R1c3 Rxc3 27. Rxc3 Rb8 28. Rb3 Bd7 29. Rb6 Kf8 30. Rd6 Ke7 31. Rxd5 b5 32. Kf2 b4 33. axb4 axb4 34. Ra5 b3 35. Ra1 Be6 36. Rb1 b2 37. Nxe6 Kxe6 38. Ke2 Rb3 39. Kd2 Ke5 0-1

[Event "*** Titled Tuesday Blitz"]
[Site "Chess.com"]
[Date "2021.03.09"]
[Round "4"]
[White "Kaiyrbekov"]
[Black "mr_gustavo"]
[Result "0-1"]
[WhiteElo "2089"]
[BlackElo "2399"]
[TimeControl "180+1"]
[EndTime "10:42:09 PST"]
[Termination "mr_gustavo won on time"]

1. c4 Nf6 2. Nc3 g6 3. Nf3 Bg7 4. g3 O-O 5. d4 d6 6. Bg2 Nc6 7. O-O Bg4 8. e4 Nd7 9. Be3 e5 10. d5 Nd4 11. h3 Nxf3+ 12. Bxf3 Bxh3 13. Re1 f5 14. Kh2 f4 15. Kxh3 fxe3 16. Rxe3 Qg5 17.
Kg2 Nf6 18. Qh1 h5 19. Qh4 Qh6 20. Rh1 g5 21. Qh2 g4 22. Be2 Qg6 23. Qh4 Bh6 24. Rd3 Bg5 25. Qh2 Nxe4 26. Qxh5 Rxf2+ 27. Kg1 Qxh5 28. Rxh5 Be7 29. Nxe4 Rxe2 30. Nf2 Rxb2 31. Nxg4 Rf8 32. Nh6+ Kg7 33. Nf5+ Kg6 34. g4 Bg5 35. Rdh3 e4 36. Rh7 e3 37. Rg7+ Kf6 38. Rh5 e2 39. Kf2 Bd2 40. Rh6+ Bxh6 41. Re7 Bg5 42. Re6+ Kf7 43. Ng3 Bh4 44. Kg2 e1=Q+ 0-1

[Event "*** Titled Tuesday Blitz"]
[Site "Chess.com"]
[Date "2021.03.09"]
[Round "4"]
[White "SantoBlue"]
[Black "atwalcb"]
[Result "1-0"]
[WhiteElo "2847"]
[BlackElo "2538"]
[TimeControl "180+1"]
[EndTime "10:42:10 PST"]
[Termination "SantoBlue won by resignation"]

1. e4 d6 2. d4 Nf6 3. Nc3 Nbd7 4. f4 e5 5. Nf3 exd4 6. Nxd4 g6 7. Qe2 Bg7 8. e5 dxe5 9. fxe5 O-O 10. exf6 Re8 11. Be3 Bh6 12. Bxh6 Rxe2+ 13. Bxe2 Qxf6 14. Nf3 Ne5 15. Nxe5 Qxe5 16. O-O-O Be6 17. Bf3 c6 18. Ne4 Bd5 19.
Rhe1 Bxa2 20. Bg5 Qa5 21. Bd2 Qa6 22. Bc3 Be6 23. Nf6+ Kf8 24. Nxh7+ Kg8 25. Nf6+ Kf8 26. b3 Qa3+ 27. Bb2 Qc5 28. Rxe6 Qg5+ 29. Kb1 Qf4 30. Red6 Qxh2 31. Rd8+ Rxd8 32. Rxd8+ Ke7 33. Re8+ Kd6 34.
Be5+ Qxe5 35. Rxe5 Kxe5 36. Ng4+ Kf4 37. Nf6 Kf5 38.
Ne8 Ke5 39. Kb2 f5 40. Kc3 g5 41. Kd3 g4 42. Be2 Kf4 43. Nd6 b6 44. g3+ Kxg3 45. Nxf5+ Kf4 46. Ne3 g3 47. Ng2+ Ke5 48. Ke3 a5 49. Bf3 Kd6 50. Kd4 b5 51. Ne3 c5+ 52. Kd3 Ke5 53. Bc6 c4+ 54. bxc4 a4 55. cxb5 a3 56.
Nc4+ Ke6 57. Nxa3 Kd6 58. Bg2 1-0

[Event "*** Titled Tuesday Blitz"]
[Site "Chess.com"]
[Date "2021.03.09"]
[Round "4"]
[White "BegmuratovKh2010"]
[Black "Agoking701"]
[Result "0-1"]
[WhiteElo "2544"]
[BlackElo "2360"]
[TimeControl "180+1"]
[EndTime "10:42:10 PST"]
[Termination "Agoking701 won by resignation"]

1. e4 c5 2. Nc3 e6 3. g3 Nc6 4.
Bg2 Nge7 5. Nge2 g6 6. O-O Bg7 7. d3 O-O 8. Be3 Nd4 9. Qd2 d5 10. Nd1 b5 11. Nxd4 cxd4 12. Bh6 dxe4 13. Bxg7 Kxg7 14.
Bxe4 Rb8 15. c3 Bb7 16. Qe2 Qd6 17. Rc1 Rfd8 18. Re1 Bxe4 19. Qxe4 Rbc8 20. h4 h5 21. Re2 a5 22. Rb1 Qd5 23. Qe5+ Qxe5 24. Rxe5 Rd5 25. Rxd5 Nxd5 26. cxd4 Rc2 27. Kf1 b4 28. Ke1 a4 29. Kf1 Kf6 30. Ke1 Kf5 31. Ne3+ Nxe3 32. fxe3 Kg4 33. b3 a3 34. e4 Kxg3 35. d5 exd5 36.
exd5 Kxh4 37. Kd1 Rc8 38. Rc1 Rxc1+ 39. Kxc1 Kg5 40. Kd2 Kf6 41. d4 Ke7 42. Ke3 Kd6 43. Ke4 h4 44. Kf3 Kxd5 45. Kg4 g5 46. Kh3 Kxd4 47. Kg4 Kc3 48. Kh3 Kb2 0-1

[Event "*** Titled Tuesday Blitz"]
[Site "Chess.com"]
[Date "2021.03.09"]
[Round "4"]
[White "lucachess49"]
[Black "Trickster_Pony"]
[Result "1-0"]
[WhiteElo "2390"]
[BlackElo "1461"]
[TimeControl "180+1"]
[EndTime "10:42:10 PST"]
[Termination "lucachess49 won by resignation"]

1. d4 d5 2. c4 e6 3. Nc3 Nf6 4.
cxd5 exd5 5. Bg5 Be7 6. e3 O-O 7. Bd3 c6 8. Qc2 h6 9. Bh4 Nbd7 10. Nf3 c5 11. O-O cxd4 12. exd4 Nb6 13. Rfe1 Nc4 14.
Nxd5 Nxd5 15. Bxe7 Nxe7 16. Bxc4 Bf5 17. Qb3 Rc8 18. Ne5 Qxd4 19. Rad1 Qc5 20. Qxb7 Be6 21. Bxe6 fxe6 22. Nd3 Qg5 23. Qxa7 Nd5 24. g3 Nf4 25. Nxf4 Rxf4 26. Qe3 Rf6 27. Qxg5 hxg5 28. b4 Rc2 29. Rf1 Rxa2 30. Rb1 Rf3 31. b5 Ra8 32. b6 Rb8 33.
Rfc1 Kf7 34. Rc7+ Ke8 35. b7 Kd8 36. Rxg7 Rf8 37. h4 gxh4 38. gxh4 Re8 39. h5 Re7 40. Rg8+ Re8 41. Rg7 Re7 42. Rd1+ Ke8 43. Rg8+ Kf7 44. Rxb8 1-0

[Event "*** Titled Tuesday Blitz"]
[Site "Chess.com"]
[Date "2021.03.09"]
[Round "4"]
[White "Ladislav1969"]
[Black "MatyChess1"]
[Result "0-1"]
[WhiteElo "2333"]
[BlackElo "2586"]
[TimeControl "180+1"]
[EndTime "10:42:11 PST"]
[Termination "MatyChess1 won on time"]

1. e4 c5 2. d4 cxd4 3. c3 Nf6 4. e5 Nd5 5. Nf3 Nc6 6. Bc4 Nb6 7.
Bb3 g6 8. cxd4 Bg7 9. Bf4 d6 10. exd6 O-O 11. O-O Bg4 12. h3 Bxf3 13. Qxf3 Nxd4 14.
Qxb7 exd6 15. Nc3 a5 16. Rfe1 a4 17. Bd1 Ne6 18. Be3 Nc4 19. Nxa4 Qh4 20. Nb6 Rab8 21. Qc6 Nxe3 22. Rxe3 Bd4 23. Nd5 Rxb2 24. g3 Qxh3 25. Ne7+ Kh8 26. Qxd6 Bxe3 27. Qe5+ Ng7 28. Qxe3 Qe6 29.
Qc3 Qxe7 30. Qxb2 Qe1+ 31. Kg2 Rd8 32. Bf3 Qe7 33. Rc1 Kg8 34. a4 Ne6 35. a5 Nd4 36. Qb7 Qg5 37. Qc7 Ne6 38. Qc3 Nd4 39. a6 Nxf3 40. Kxf3 Qf5+ 41. Kg2 Qe4+ 0-1

[Event "*** Titled Tuesday Blitz"]
[Site "Chess.com"]
[Date "2021.03.09"]
[Round "4"]
[White "PavelChernomordik"]
[Black "Meri-Arabidze"]
[Result "0-1"]
[WhiteElo "2372"]
[BlackElo "2570"]
[TimeControl "180+1"]
[EndTime "10:42:11 PST"]
[Termination "Meri-Arabidze won by resignation"]

1. e4 c5 2. Nc3 e6 3. f4 Nc6 4. Nf3 a6 5. g3 d5 6. d3 Nf6 7. e5 Nd7 8. Bg2 Be7 9. Qe2 Qc7 10.
O-O O-O 11. Bd2 b5 12. Rae1 b4 13. Nd1 a5 14. g4 f6 15. exf6 Nxf6 16. Nf2 Nd4 17. Nxd4 cxd4 18. g5 Ne8 19. Bh3 Ra6 20. Rc1 Kh8 21. Ng4 Nd6 22. Ne5 Nf5 23. Qh5 Kg8 24.
Rfe1 Bd6 25. Re2 Bxe5 26. Rxe5 g6 27. Qf3 Rc6 28. Qd1 Bd7 29. a3 Ne3 30. Bxe3 dxe3 31. d4 Rxf4 32. Rxe3 Qd8 33. Re5 bxa3 34. bxa3 Qb6 35.
c3 Qb2 36. Rc2 Qxa3 37. Qc1 Qxc1+ 38. Rxc1 Rf3 39. Bg2 Rfxc3 40. Ra1 Rc1+ 41. Re1 Rxe1+ 42. Rxe1 a4 43. Ra1 Rc4 44. Kf2 Rxd4 45. Ke3 Rg4 46. Ra2 Kf7 47. h3 Rxg5 48. Kd4 Ke7 49.
Kc5 Rg3 0-1

[Event "*** Titled Tuesday Blitz"]
[Site "Chess.com"]
[Date "2021.03.09"]
[Round "4"]
[White "IMAghasiyevKamal"]
[Black "kamilianin235"]
[Result "1/2-1/2"]
[WhiteElo "2494"]
[BlackElo "2273"]
[TimeControl "180+1"]
[EndTime "10:42:11 PST"]
[Termination "Game drawn by repetition"]

1. d4 d5 2. c4 dxc4 3. e4 c5 4. d5 e6 5. Bxc4 Nf6 6. Nc3 exd5 7. exd5 a6 8. a4 Bd6 9. Qe2+ Qe7 10. Qxe7+ Kxe7 11.
Nge2 h6 12. O-O Re8 13. a5 Nbd7 14. f4 Kf8 15. Bd2 b5 16. axb6 Nxb6 17. b3 Nxc4 18. bxc4 Bf5 19. Rfe1 Bd3 20. Ra4 Ne4 21. Nc1 Nxd2 22.
Rxe8+ Rxe8 23. Nxd3 Be7 24. Rxa6 Nxc4 25. Nb5 Rb8 26. d6 Nxd6 27. Nxd6 Rd8 28. Nb7 Rxd3 29. Ra8+ Bd8 30. Rxd8+ Rxd8 31. Nxd8 Ke7 32. Nb7 c4 33. Kf2 Ke6 34. Ke3 Kd5 35. Na5 g5 36. fxg5 hxg5 37. g4 f6 38. h3 Kc5 39. Kd2 Kd4 40. Nc6+ Ke4 41. Na5 Kd4 42. Nc6+ Ke4 43. Kc3 Kf3 44. Na5 Kg3 45. Nxc4 Kxh3 46. Ne3 Kg3 47. Kd3 Kf3 48. Kd4 Kf4 49. Kd3 Kf3 50. Kd4 Kf4 51. Kd3 Kf3 1/2-1/2

[Event "*** Titled Tuesday Blitz"]
[Site "Chess.com"]
[Date "2021.03.09"]
[Round "4"]
[White "pfalcon1949"]
[Black "AlphaZ3r0"]
[Result "1-0"]
[WhiteElo "2049"]
[BlackElo "2253"]
[TimeControl "180+1"]
[EndTime "10:42:11 PST"]
[Termination "pfalcon1949 won by resignation"]

1. c4 c5 2. Nc3 Nc6 3. g3 g6 4. Bg2 Bg7 5. e4 Nf6 6. Nge2 O-O 7. O-O Ne8 8. d3 Nc7 9. Be3 Ne6 10. Rb1 a6 11. f3 Rb8 12. Qd2 b5 13. Nd5 d6 14.
b3 Ned4 15. Nxd4 Nxd4 16. f4 e6 17. Nc3 Bb7 18. Ne2 Qb6 19. Nxd4 cxd4 20. Bf2 bxc4 21. bxc4 Qc5 22. Rb2 Bc6 23. Rfb1 Rxb2 24. Qxb2 f5 25. exf5 Bxg2 26. Kxg2 gxf5 27. Qb6 Qa3 28. Bxd4 Qxd3 29. Bxg7 Kxg7 30. Qb2+ Kg6 31. Rc1 e5 32. fxe5 Qe4+ 33. Kh3 f4 34. Qc2 Qxc2 35. Rxc2 dxe5 36. gxf4 exf4 37. c5 Kf5 38. Kg2 Ke4 39. c6 Rc8 40. c7 a5 41. a4 Kd3 42. Rc1 Ke2 43. Rc2+ Kd3 44. Rc6 Ke2 45. Re6+ Kd3 46. Rd6+ Ke4 47. Rc6 Rg8+ 48. Kf2 Rc8 49. h4 Kd5 50. Rc2 Ke4 51. h5 Kd5 52. h6 Ke6 53. Kf3 Kf5 54. Rc5+ Kg6 55. Kxf4 Kxh6 56. Ke5 Kg5 57. Kd6+ Kg4 58. Kd7 Rxc7+ 59. Rxc7 h5 1-0

[Event "*** Titled Tuesday Blitz"]
[Site "Chess.com"]
[Date "2021.03.09"]
[Round "4"]
[White "MITerryble"]
[Black "Tooweak2slow03"]
[Result "1/2-1/2"]
[WhiteElo "2953"]
[BlackElo "2775"]
[TimeControl "180+1"]
[EndTime "10:42:13 PST"]
[Termination "Game drawn by repetition"]

1. d4 e6 2. Nf3 b6 3. g3 Bb7 4.
Bg2 f5 5. c4 Nf6 6. O-O Be7 7.
d5 O-O 8. Nc3 a5 9. Nd4 Qc8 10. Bf4 Na6 11. Rc1 Nc5 12. Ndb5 Ne8 13. b3 Bf6 14. Qd2 e5 15. Be3 g6 16. Bxc5 bxc5 17.
e4 d6 18. Bh3 Ng7 19. exf5 gxf5 20. Ne4 Ba6 21. Nxf6+ Rxf6 22. Nc3 Qe8 23. f4 Qh5 24. Bg2 e4 25. Qd1 Qh6 26. a4 Rg6 27. Nb5 Bxb5 28. axb5 Re8 29. Ra1 Nh5 30. Rxa5 Nf6 31. Qe2 Ng4 32.
h3 Nf6 33. Qe3 Kh8 34. Rfa1 Nh5 35. Ra8 Qf8 36. Rxe8 Qxe8 37. g4 fxg4 38. f5 Rg7 39. h4 Qe5 40. Ra8+ Rg8 41. Rxg8+ Kxg8 42. Qg5+ Ng7 43.
f6 Qxg5 44. hxg5 Nf5 45. Bxe4 Nd4 46. Kf2 Nxb3 47. Kg3 Nd2 48. Bd3 Nf3 49. Be2 Nxg5 50. Kxg4 Nf7 51. Kf5 Nd8 52. Bh5 Kf8 53. Kg5 Nb7 54.
Kf5 Na5 55. Be2 Kf7 56. Bh5+ Kf8 57. Be2 Kf7 58. Bh5+ Kf8 1/2-1/2

[Event "*** Titled Tuesday Blitz"]
[Site "Chess.com"]
[Date "2021.03.09"]
[Round "4"]
[White "SameerMujumdar"]
[Black "Blazinq"]
[Result "0-1"]
[WhiteElo "2351"]
[BlackElo "2598"]
[TimeControl "180+1"]
[EndTime "10:42:13 PST"]
[Termination "Blazinq won by resignation"]

1. d4 Nf6 2. Nf3 d5 3. c4 e6 4.
Nc3 c6 5. e3 Nbd7 6. Bd3 dxc4 7. Bxc4 b5 8. Bd3 a6 9. O-O c5 10. a4 b4 11. Ne4 Bb7 12. Nxf6+ gxf6 13. e4 cxd4 14. a5 Nc5 15. Re1 Rg8 16. Qe2 Bd6 17. Bd2 Nb3 18. Ra4 Nxd2 19. Nxd2 Qd7 20. Raa1 f5 21.
Nc4 Bc7 22. f3 O-O-O 23. Rac1 Kb8 24. Qd2 Qe7 25. Kh1 Qh4 26. e5 Rg5 27. Nd6 Bxd6 28.
exd6 Rdg8 29. Re2 R5g7 30. Qxb4 Qf4 31. Rc7 Qxf3 32. Rxb7+ Qxb7 33. Qxd4 Rxg2 34. Be4 Rg1+ 35. Qxg1 Rxg1+ 36. Kxg1 fxe4 37. Rd2 Qa7+ 38. Kf1 Kc8 39. Rc2+ Kd8 40. Rc7 Qe3 41. Rxf7 Qc1+ 42. Kg2 Qxb2+ 43.
Kg3 Qd4 44. Rf8+ Kd7 45. Rf7+ Kxd6 46. Rxh7 Qe3+ 47. Kg4 Qf3+ 48. Kg5 Qf5+ 49. Kh6 e3 50. Kg7 Qxh7+ 51. Kxh7 e2 0-1

[Event "*** Titled Tuesday Blitz"]
[Site "Chess.com"]
[Date "2021.03.09"]
[Round "4"]
[White "BJthechessgod"]
[Black "marianokar"]
[Result "0-1"]
[WhiteElo "2286"]
[BlackElo "2470"]
[TimeControl "180+1"]
[EndTime "10:42:14 PST"]
[Termination "marianokar won by resignation"]

1. e4 c5 2. Nf3 e6 3. d4 cxd4 4. Nxd4 Nc6 5. Nc3 a6 6. Be3 Nf6 7.
Be2 Bb4 8. Bf3 d5 9. exd5 Nxd5 10. Bxd5 Qxd5 11. Nxc6 Bxc3+ 12. bxc3 Qxc6 13. Qd4 O-O 14. O-O b5 15. Qc5 Bb7 16. Qxc6 Bxc6 17. Bc5 Rfc8 18. Rfd1 Bd5 19. Bd4 Rc4 20. a3 f6 21. f4 Kf7 22. Rdb1 Be4 23. Ra2 h6 24. Rb4 Rac8 25. Kf2 g5 26. fxg5 hxg5 27. g4 e5 28. Be3 Bd5 29.
Rab2 Rxc3 30. a4 Rxc2+ 31. Rxc2 Rxc2+ 32. Kg3 Bc6 33. a5 Rg2+ 34. Kh3 Ra2 35. Bb6 Ke6 36. Kg3 Bd5 37. h4 Ra3+ 38. Kh2 gxh4 39. Rb1 Bc4 40. Rd1 Ra2+ 41. Kh3 b4 42. Bc5 b3 43. Rd6+ Kf7 44. Rb6 b2 45. Rb7+ Ke6 46. Rb6+ Kd5 47. Be3 Bd3 48. Rxf6 b1=Q 49. Kxh4 Qh1+ 50. Kg5 Qe4 51.
Bc1 Rg2 52. Rg6 Qxg4+ 0-1